 Dungeon Crawl Stone Soup version 0.22-a0-396-g3f858e3 (webtiles) character file.

31 Borgoz the Skirmisher (level 3, 0/33 HPs)
             Began as a Hill Orc Fighter on May 3, 2018.
             Slain by Sigmund
             ... wielding a +1 scythe of protection
              (9 damage)
             ... on level 2 of the Dungeon.
             The game lasted 00:01:27 (1103 turns).

Borgoz the Skirmisher (Hill Orc Fighter)            Turns: 1103, Time: 00:01:28

Health: 0/33       AC:  6    Str: 23    XL:     3   Next: 22%
Magic:  3/3        EV:  7    Int:  8    God:
Gold:   21         SH:  9    Dex: 11    Spells: 2/2 levels left

rFire    . . .     SeeInvis .   a - +0 war axe
rCold    . . .     Gourm    .   c - +0 shield
rNeg     . . .     Faith    .   b - +0 scale mail
rPois    .         Spirit   .   (no helmet)
rElec    .         Reflect  .   (no cloak)
rCorr    .         Harm     .   (no gloves)
MR       .....                  (no boots)
Stlth    ..........             h - amulet of the acrobat
HPRegen  0.11/turn              (no ring)
MPRegen  0.08/turn              (no ring)

@: mighty
A: no striking features
a: no special abilities


You were on level 2 of the Dungeon.
You were hungry.

You visited 1 branch of the dungeon, and saw 2 of its levels.

You collected 21 gold pieces.

Inventory:

Hand Weapons
 a - a +0 war axe (weapon)
Armour
 b - a +0 scale mail (worn)
 c - a +0 shield (worn)
Jewellery
 h - an amulet of the acrobat (around neck)
Scrolls
 j - a scroll of identify {unknown}
Potions
 e - a potion of lignification {unknown}
 g - a potion of curing {unknown}
 i - a potion of brilliance {unknown}
Comestibles
 f - 2 rations


   Skills:
 + Level 4.0 Fighting
 + Level 3.1 Axes
 + Level 3.6 Armour
 + Level 0.7 Dodging
 + Level 3.6 Shields


You had 2 spell levels left.
You didn't know any spells.

Dungeon Overview and Level Annotations

Branches:
Dungeon (2/15)

Altars:
Cheibriados

Annotations:
D:2 Sigmund


Message History

You hit something. You hit the frilled lizard.
You kill the frilled lizard!
Something hits you!
You closely miss something.
You hear some strange, mumbled words.
Something tries to affect you, but you resist.
You barely miss something.
You hear some strange, mumbled words.
You are confused.
Something hits you!
You feel very mighty all of a sudden.
You bump into the rock wall.
Something hits you but does no damage. Something closely misses you.
You bump into the rock wall.
You feel less confused. You block something's attack.
You closely miss something. Something hits you.
* * * LOW HITPOINT WARNING * * *
You closely miss something. Something hits you!
You die...

### #.. ##.###
..>. #..#
######## #..#
#......#
#.@####.####.#
#.......# #.#
##$###### #.#
#.....#####.#
#......(....#
#.###.#######
#.# #.# #.#
#.# ... #.#


There were no monsters in sight!

Vanquished Creatures
  A dart slug (D:1)
  A leopard gecko (D:1)
  A giant cockroach (D:1)
  8 hobgoblins
  3 kobolds (D:1)
  2 bats
  3 frilled lizards
  3 goblins (D:1)
  4 rats
26 creatures vanquished.

Notes
Turn   | Place    | Note
-------+----------+-------------------------------------------
     0 | D:1      | Borgoz the Hill Orc Fighter began the quest for the Orb.
     0 | D:1      | Reached XP level 1. HP: 19/19 MP: 1/1
   382 | D:1      | Reached XP level 2. HP: 27/27 MP: 2/2
   768 | D:1      | Reached XP level 3. HP: 33/33 MP: 3/3
  1006 | D:2      | Found a snail-covered altar of Cheibriados.
  1008 | D:2      | Reached skill level 4 in Fighting
  1088 | D:2      | Noticed Sigmund
  1103 | D:2      | Slain by Sigmund

Vault maps used:
D:1:      minmay_arrival_shattered_statue
D:2:      cheibriados_altar_1, uniq_sigmund

Skill      XL: |  1  2  3 |
---------------+----------+-----
Axes           | 3 |  3.1
Fighting       | 4 |  4.0
Armour         | |  3.6
Dodging        | |  0.7
Shields        | |  3.6

Action                   || total
-------------------------++-------
Melee: War axe           ||    87
  Use: Potion            ||     1
Armor: Scale mail        ||    30
Dodge: Dodged            ||    30
Block: Shield            ||    52

Table legend:
 A = Spawn XP
 B = Non-spawn XP
 C = Spawn XP percentage of total XP
 D = Spawn monster count
 E = Non-spawn monster count
 F = Spawn count percentage of total count
 G = Total turns spent on level
                    A         B        C        D         E        F      G
               +---------+---------+-------+---------+---------+-------+---------
         Total |       0 |      45 |   0.0 |       0 |      26 |   0.0 |  1103
               +---------+---------+-------+---------+---------+-------+---------
           D:1 |       0 |      37 |   0.0 |       0 |      21 |   0.0 |  1004
           D:2 |       0 |       8 |   0.0 |       0 |       5 |   0.0 |    99
               +---------+---------+-------+---------+---------+-------+---------
